 Dungeon Crawl Stone Soup version 0.25-a0-651-g8c222c7a2b (webtiles) character file.

Game seed: 9270533718548177008, levelgen mode: deterministic

876 Kohma the Grappler (level 7, 0/99 HPs)
             Began as a Troll Monk on Mar 22, 2020.
             Slain by a hellwing (1 damage)
             ... on level 7 of the Dungeon.
             The game lasted 00:08:47 (2811 turns).

Kohma the Grappler (Troll Monk)                     Turns: 2811, Time: 00:08:48

Health: 0/99       AC:  6    Str: 22    XL:     7   Next: 74%
Magic:  6/6        EV: 10    Int:  6    God:
Gold:   289        SH:  0    Dex: 12    Spells: 6/6 levels left

rFire    . . .     SeeInvis .     - Unarmed
rCold    . . .     Gourm    +   (no shield)
rNeg     . . .     Faith    .   a - +0 robe
rPois    .         Spirit   .   (helmet restricted)
rElec    .         Reflect  .   (no cloak)
rCorr    .         Harm     .   (gloves unavailable)
MR       .....                  (boots unavailable)
Stlth    ..........             (no amulet)
HPRegen  0.66/turn              (no ring)
MPRegen  0.10/turn              (no ring)

@: berserking, very quick
A: large, unfitting armour, claws 3, fast metabolism 3, gourmand, regeneration
1, shaggy fur 1, tough skin 3
a: no special abilities


You were on level 7 of the Dungeon.
You were completely stuffed.

You visited 1 branch of the dungeon, and saw 5 of its levels.

You collected 289 gold pieces.

Inventory:

Missiles
 d - a throwing net
 h - 9 poisoned darts (quivered)
 n - 39 stones
Armour
 a - a +0 robe (worn)
Jewellery
 w - a +3 ring of dexterity {unknown}
 x - a cursed -5 ring of intelligence {unknown}
Wands
 g - a wand of paralysis (8)
Scrolls
 i - a scroll of immolation {unknown}
 m - a scroll of teleportation
 o - 2 scrolls of fog
 u - a scroll of fear
 v - 2 scrolls of remove curse
 y - a scroll of enchant armour {unknown}
Potions
 c - a potion of brilliance {unknown}
 e - 2 potions of berserk rage
 j - a potion of resistance {unknown}
 k - a potion of stabbing {unknown}
 l - 2 potions of heal wounds {unknown}
 p - a potion of curing
 q - a potion of mutation {unknown}
 r - 3 potions of magic
 s - a potion of cancellation {unknown}
 t - a potion of flight {unknown}
Comestibles
 b - 9 rations
 f - 2 chunks of flesh


   Skills:
 - Level 2.4 Fighting
 - Level 2.4 Dodging
 - Level 1.0 Stealth
 * Level 9.4 Unarmed Combat


You had 6 spell levels left.
You didn't know any spells.
Your spell library was empty.

Dungeon Overview and Level Annotations

Branches:
Dungeon (7/15)
 Temple: D:4-7

Altars:
Kikubaaqudgha
Ru
Sif Muna

Annotations:
D:7 3 runed translucent doors, Aaksess's ghost, novice KoHu


Innate Abilities, Weirdness & Mutations

You are too large for most types of armour.
You have claws for hands.
Your metabolism is lightning-fast.
You like to eat raw meat.
Your natural rate of healing is unusually fast.
You are covered in fur. (AC +1)
You have extremely tough skin. (AC +3)


Message History

The hellwing is moderately wounded.
The hellwing hits you!
* * * LOW HITPOINT WARNING * * *
The hellwing hits you but does no damage.
You scratch the hellwing.
The hellwing is heavily wounded.
The orc hits you but does no damage.
You mangle the hellwing!!
The hellwing is severely wounded.
The hellwing closely misses you.
The hellwing hits you but does no damage.
You closely miss the hellwing.
The hellwing is severely wounded.
The centaur warrior zombie hits you but does no damage.
You claw the hellwing!
The hellwing is almost dead.
The orc barely misses you. The hellwing hits you!
* * * LOW HITPOINT WARNING * * *
The hellwing hits you.
You die...

..........#........[.##.....
.....(....#..........##.....
................#######.....
...........##...#....##.....
...........##...#....##.....
............ZZ.......##.....
P..#.....#Z#####.....รท.###..
P. #......o#........##......
.5.#.....ZZ@4........#......
..##......#.......#.##.....
..........###.#.###.##...##
#.....#........###..#...# .
#.....#.............#####
..#.....#.......####..##
.......................#o...
.............#######..##.#8#
.#....<..........##...#.###


You could see a hellwing, an orc, a wolf spider zombie, a centaur warrior zombie
and a bullfrog skeleton.

Vanquished Creatures
  2 ogres (D:6)
  2 bullfrogs (D:6)
  A wyvern zombie (D:7)
  A scorpion (D:6)
  2 crimson imps
  A bullfrog skeleton (D:7)
  3 orc priests
  A jelly (D:6)
  2 orc wizards (D:3)
  8 adders
  3 gnolls (D:6)
  An adder zombie (D:7)
  An adder skeleton (D:6)
  5 worms
  3 leopard geckos
  4 orcs
  10 bats
  4 giant cockroaches
  5 goblins
  4 hobgoblins
  6 jackals
  8 kobolds
  2 quokkas
  4 ball pythons
  3 frilled lizards
  A giant cockroach zombie (D:6)
  A jackal skeleton (D:2)
  8 rats
96 creatures vanquished.

Notes
Turn   | Place    | Note
-------+----------+-------------------------------------------
     0 | D:1      | Kohma the Troll Monk began the quest for the Orb.
     0 | D:1      | Reached XP level 1. HP: 22/22 MP: 0/0
    68 | D:1      | Reached XP level 2. HP: 29/29 MP: 1/1
   520 | D:1      | Reached skill level 4 in Unarmed Combat
   852 | D:2      | Reached XP level 3. HP: 31/36 MP: 2/2
  1141 | D:2      | Reached XP level 4. HP: 39/44 MP: 3/3
  1226 | D:2      | Reached skill level 5 in Unarmed Combat
  1647 | D:3      | Found an ancient bone altar of Kikubaaqudgha.
  1738 | D:3      | Found a faded altar of an unknown god.
  1749 | D:3      | Reached skill level 6 in Unarmed Combat
  1749 | D:3      | Reached XP level 5. HP: 48/50 MP: 4/4
  1878 | D:3      | Found a shimmering blue altar of Sif Muna.
  1878 | D:3      | You fall into a shaft and drop 3 floors!
  1878 | D:6      | Found a sacrificial altar of Ru.
  1912 | D:6      | Noticed an ogre
  1918 | D:6      | Killed an ogre
  1918 | D:6      | Reached skill level 7 in Unarmed Combat
  1918 | D:6      | Reached XP level 6. HP: 35/59 MP: 5/5
  2123 | D:6      | Reached skill level 8 in Unarmed Combat
  2123 | D:6      | Reached XP level 7. HP: 66/66 MP: 6/6
  2560 | D:7      | Reached skill level 9 in Unarmed Combat
  2680 | D:7      | Found a runed translucent gate.
  2680 | D:7      | Noticed Aaksess's ghost (novice KoHu)
  2690 | D:7      | Identified the +2 great sword of Eternal Night {vorpal,
                  | rPois rC- Dex+2}
  2690 | D:7      | Identified the +1 chain mail "Humy" {rPois MP+9}
  2719 | D:7      | Found a runed translucent gate.
  2720 | D:7      | Found a runed translucent gate.
  2800 | D:7      | Noticed a hellwing
  2811 | D:7      | HP: 1/99 [hellwing (11)]
  2811 | D:7      | Slain by a hellwing

Levels and vault maps discovered:
D:1:      roderic_crossed_star, layout_basic, minmay_vboxes
D:2:      layout_rooms
D:3:      layout_loops_cross, marbit_many_paths,
          chequers_ecumenical_altar_simple, minmay_liquid_box,
          minmay_misc_feat_x, led_sif_pool, uniq_terence
D:6:      layout_gridville, nicolae_ru_path_of_blood
D:7:      cheibrodos_grave_circle, layout_basic, biasface_ghost_orc_armoury

Skill      XL: |  1  2  3  4  5  6  7 |
---------------+----------------------+-----
Unarmed Combat | 4 6 7 8 9 |  9.4
Fighting       | |  2.4
Dodging        | |  2.4
Stealth        | |  1.0

Action                   |  1- 3 |  4- 6 |  7- 9 || total
-------------------------+-------+-------+-------++-------
Melee: Unarmed           |   100 |    89 |    61 ||   250
       Dagger            |    13 |       |       ||    13
       Punch             |       |     3 |     1 ||     4
  Use: Scroll            |       |     6 |     4 ||    10
       Potion            |       |       |     2 ||     2
 Stab: Sleeping          |     3 |     3 |     1 ||     7
  Eat: Chunk             |    16 |     9 |     6 ||    31
Armor: Robe              |    61 |    34 |    22 ||   117
Dodge: Dodged            |    68 |    27 |    23 ||   118

Table legend:
 A = Non-vault XP
 B = Vault XP
 C = Vault XP percentage of total XP
 D = Non-vault monster count
 E = Vault monster count
 F = Vault count percentage of total count
                 A         B        C        D         E       F
            +---------+---------+-------+---------+---------+-------
      Total |    1234 |      18 |   1.4 |      91 |       5 |   5.2
            +---------+---------+-------+---------+---------+-------
        D:1 |      34 |       4 |  10.5 |      22 |       4 |  15.4
        D:2 |      92 |       0 |   0.0 |      26 |       0 |   0.0
        D:3 |     186 |      14 |   7.0 |      18 |       1 |   5.3
        D:6 |     725 |       0 |   0.0 |      19 |       0 |   0.0
        D:7 |     197 |       0 |   0.0 |       6 |       0 |   0.0
            +---------+---------+-------+---------+---------+-------
